 Dungeon Crawl Stone Soup version 0.28-a0-8-g6e044cfa68 (webtiles) character file.

Game seed: 7820950234769908373

70686 pkoi the Basher (level 14, -1/118 HPs)
             Began as a Minotaur Fighter on July 25, 2021.
             Was a High Priest of Elyvilon.
             Slain by an orc warrior (13 damage)
             ... on level 2 of the Orcish Mines.
             The game lasted 00:26:06 (14674 turns).

pkoi the Basher (Minotaur Fighter)                 Turns: 14674, Time: 00:26:07

Health: -1/118     AC: 22    Str: 25    XL:     14   Next: 95%
Magic:  21/22      EV: 14    Int:  5    God:    Elyvilon [*****.]
Gold:   1920       SH: 15    Dex: 17    Spells: 13/13 levels left

rFire   + . .      SeeInvis .   j - +3 whip (elec)
rCold   + . .      Faith    .   c - +1 kite shield
rNeg    . . .      Spirit   .   B - +3 chain mail {rF+}
rPois   .          Reflect  .   (helmet restricted)
rElec   .          Harm     .   E - +0 cloak
rCorr   .          Rampage  .   g - +0 pair of gloves
Will    +....                   l - +2 pair of boots
Stlth   ..........              s - amulet of regeneration
HPRegen 1.29/turn               b - +6 ring of dexterity
MPRegen 0.18/turn               L - ring of protection from cold

@: no status effects
A: horns 2, retaliatory headbutt
a: Renounce Religion, Lesser Healing, Heal Other, Purification, Greater Healing,
Divine Vigour, Divine Protection


You were on level 2 of the Orcish Mines.
You worshipped Elyvilon.
Elyvilon was extremely pleased with you.
You visited 4 branches of the dungeon, and saw 18 of its levels.

You collected 2102 gold pieces.
You spent 182 gold pieces at shops.

Inventory:

Hand Weapons
 a - a +0 flail
 j - a +3 whip of electrocution (weapon)
 O - a +2 vorpal eveningstar
Missiles
 m - 4 throwing nets
 u - 94 poisoned darts (quivered)
 y - 8 atropa-tipped darts
 R - 2 boomerangs of dispersal
Armour
 c - a +1 kite shield (worn)
 g - a +0 pair of gloves (worn)
 l - a +2 pair of boots (worn)
 B - a +3 chain mail of fire resistance (worn)
 E - a +0 cloak (worn)
Jewellery
 b - a +6 ring of dexterity (left hand)
 e - a ring of ice
 s - an amulet of regeneration (around neck)
 F - a ring of fire
 L - a ring of protection from cold (right hand)
 Q - a ring of magical power
Wands
 r - a wand of digging (10)
 t - a wand of flame (34)
 z - a wand of paralysis (9)
 A - a wand of iceblast (32)
Scrolls
 f - 3 scrolls of magic mapping
 h - 2 scrolls of blinking
 i - 3 scrolls of summoning
 o - 5 scrolls of identify
 p - a scroll of fear
 v - 2 scrolls of enchant armour
 x - 2 scrolls of fog
 G - a scroll of holy word
 K - 2 scrolls of amnesia
 M - 3 scrolls of teleportation
Potions
 d - 3 potions of might
 k - 3 potions of curing
 n - 6 potions of heal wounds
 q - a potion of berserk rage
 w - 3 potions of ambrosia
 C - a potion of mutation
 D - 2 potions of cancellation
 H - a potion of haste
 I - 2 potions of resistance
 J - a potion of brilliance
 N - a potion of flight
 P - a potion of invisibility


   Skills:
 - Level 9.3 Fighting
 + Level 14.3 Maces & Flails
 + Level 13.3 Armour
 + Level 11.9 Dodging
 + Level 13.2 Shields
 + Level 12.7 Invocations


You had 13 spell levels left.
You didn't know any spells.
Your spell library contained the following spells:

 Spells                   Type           Power      Damage    Failure   Level
 Sandblast                Erth           0%         2d4       96%         1
 Passwall                 Tmut/Erth      0%         N/A       99%         2
 Poisonous Vapours        Pois/Air       0%         N/A       99%         2
 Slow                     Hex            0%         N/A       99%         2
 Confusing Touch          Hex            0%         N/A       100%        3
 Inner Flame              Hex/Fire       0%         N/A       100%        3
 Mephitic Cloud           Conj/Pois/Air  0%         N/A       100%        3
 Ozocubu's Armour         Ice            0%         N/A       100%        3
 Vampiric Draining        Necr           0%         2d6       100%        3
 Cause Fear               Hex            0%         N/A       100%        4
 Passage of Golubria      Tloc           N/A        N/A       100%        4
 Agony                    Necr           0%         N/A       100%        5
 Freezing Cloud           Conj/Ice/Air   0%         6-21      100%        5
 Irradiate                Conj/Tmut      0%         3d14      100%        5
 Lee's Rapid Deconstruct  Erth           0%         3d5*      100%        5
 Silence                  Hex/Air        0%         N/A       100%        5
 Ozocubu's Refrigeration  Ice            0%         4d5       100%        7
 Discord                  Hex            0%         N/A       100%        8
 Lehudib's Crystal Spear  Conj/Erth      0%         10d2      100%        8


Dungeon Overview and Level Annotations

Branches:
Dungeon (9/15)             Temple (1/1) D:6            Lair (6/6) D:9
  Swamp (0/4) Lair:4       Spider (0/4) Lair:2        Slime (0/5) Lair:5
    Orc (2/2) D:9             Elf (0/3) Orc:2

Altars:
Ashenzari
Cheibriados
Dithmenos
Elyvilon
Fedhas
Gozag
Hepliaklqana
Kikubaaqudgha
Makhleb
Nemelex Xobeh
Okawaru
Qazlal
Ru
Sif Muna
Trog
Uskayaw
Vehumet
Wu Jian
Xom
Yredelemnul
Zin
The Shining One
Beogh
Jiyva

Shops:
D:6 [   D:9 !   Orc:2 *


Innate Abilities, Weirdness & Mutations

You have a pair of horns on your head.
You reflexively headbutt those who attack you in melee.


Message History

You block the orc's attack.
You whack the orc!
You kill the orc!
The orc warrior hits you with a +2 glaive of freezing.
* * * LOW HITPOINT WARNING * * *
You block the orc warrior's attack.
You hit the orc warrior but do no damage.
Your headbutt misses the orc warrior.
The orc warrior is moderately wounded.
The orc knight barely misses the orc warrior.
You hit the orc warrior but do no damage.
Lightning courses through the orc warrior!
You headbutt the orc warrior.
The orc warrior is severely wounded.
The orc warrior hits you with a +2 glaive of freezing.
* * * LOW HITPOINT WARNING * * *
The orc warrior freezes you.
* * * LOW HITPOINT WARNING * * *
The orc warrior hits you but does no damage.
You hit the orc warrior.
Lightning courses through the orc warrior!!
You kill the orc warrior!
Unknown command.
You hit the orc warrior but do no damage.
Your headbutt misses the orc warrior. You block the orc warrior's attack.
You block the orc warrior's attack.
You see here a +0 dagger.
You see here a +0 dagger.
You block the orc warrior's attack.
You see here a +0 dagger.
You hit the orc warrior.
The orc warrior is lightly wounded.
The orc warrior hits you with a +0 trident!
* * * LOW HITPOINT WARNING * * *
You hit the orc warrior. You headbutt the orc warrior!
The orc warrior is severely wounded.
You barely miss the orc warrior.
The orc warrior is severely wounded.
The orc warrior hits you with a +0 trident!
You die...

..............#
..............##
#.#.........#..
#..............
#..............
#....)).......#
#$)$.)))##
#.).[o).)#
###)@.).##
#......##
#.....#.##
#........# ###
##........##
##.##
#..........#
#...#
##........##
##.## ##.......#
####.###
##.##...#


You could see an orc warrior (strong).

Vanquished Creatures
  Saint Roka (Orc:2)
  An orc warlord (Orc:1)
  An ettin (Orc:2)
  A catoblepas (Lair:5)
  A rakshasa (D:9)
  2 hydras (Lair:6)
  A merfolk avatar (Lair:6)
  2 two-headed ogres (D:8)
  13 death yaks
  An orc high priest (Orc:2)
  Pikel (D:7)
  4 orc knights (Orc:2)
  A harpy (Lair:6)
  3 orc sorcerers
  12 elephants
  A manticore (Lair:6)
  5 black mambas
  Joseph (Lair:1)
  2 torpor snails
  16 cane toads
  10 komodo dragons
  4 rime drakes
  7 trolls
  A wind drake (Lair:6)
  4 polar bears
  20 blink frogs
  A hornet (Lair:6)
  Prince Ribbit (D:6)
  5 dream sheep (Lair:4)
  4 slime creatures
  A shadow (D:8)
  44 yaks
  5 wyverns
  4 basilisks
  3 vampire mosquitoes (D:9)
  2 steam dragons
  A warg (Orc:2)
  An acid dragon (D:9)
  Duvessa (D:7)
  13 water moccasins
  3 black bears
  24 orc warriors
  An ice beast (D:6)
  A swamp drake (Lair:4)
  4 ogres
  A necrophage (D:7)
  9 centaurs
  4 lemures (D:7)
  A phantom (D:6)
  13 wolves
  15 bullfrogs
  2 kobold brigands (D:9)
  A gnoll sergeant (D:4)
  3 scorpions
  A water moccasin zombie (D:6)
  Dowan (D:7)
  A killer bee (D:9)
  4 wights (D:7)
  4 centaur zombies (D:9)
  2 jellies
  A centaur skeleton (D:4)
  Crazy Yiuf (D:7)
  3 hounds
  A gnoll shaman (D:9)
  21 orc priests
  5 bullfrog skeletons
  3 iguanas
  Terence (D:3)
  19 orc wizards
  A hound skeleton (D:4)
  A howler monkey zombie (D:9)
  10 gnolls
  8 adders
  2 howler monkey skeletons
  3 white imps
  2 ufetubi (D:6)
  2 worms
  4 dart slugs
  81 orcs
  5 ball pythons
  An endoplasm (D:4)
  13 giant cockroaches
  4 goblins
  5 hobgoblins
  13 kobolds
  A quokka (D:3)
  7 bats
  7 frilled lizards
  4 rats
526 creatures vanquished.

Vanquished Creatures (others)
  A centaur warrior (D:9)
  A death yak (Lair:5)
  An ugly thing (D:6)
  An elephant (Lair:3)
  A polar bear (shapeshifter) (D:9)
  3 yaks (Lair:3)
  A warg (Orc:1)
  An acid dragon (D:9)
  An orc warrior (Orc:1)
  2 bullfrogs
  An orc priest (Orc:2)
  An orc wizard (D:9)
  3 orcs
  A bush (Lair:4)
  24 fungi
  59 plants
102 creatures vanquished.

Grand Total: 628 creatures vanquished

Notes
Turn   | Place    | Note
-------+----------+-------------------------------------------
     0 | D:1      | pkoi the Minotaur Fighter began the quest for the Orb.
     0 | D:1      | Reached XP level 1. HP: 19/19 MP: 0/0
   197 | D:1      | Reached XP level 2. HP: 27/27 MP: 1/1
   364 | D:1      | Reached skill level 3 in Maces & Flails
   637 | D:2      | Found a faded altar of an unknown god.
   655 | D:2      | Found a white marble altar of Elyvilon.
   752 | D:2      | Reached XP level 3. HP: 32/33 MP: 2/2
   756 | D:2      | Reached skill level 1 in Dodging
   790 | D:2      | Became a worshipper of Elyvilon the Healer
  1439 | D:3      | Reached * piety under Elyvilon
  1547 | D:3      | Reached XP level 4. HP: 22/40 MP: 3/3
  1841 | D:3      | Noticed Terence
  1845 | D:3      | Killed Terence
  1849 | D:3      | Reached skill level 4 in Maces & Flails
  2008 | D:4      | Noticed a gnoll sergeant
  2043 | D:3      | Reached skill level 1 in Invocations
  2043 | D:3      | Reached XP level 5. HP: 41/47 MP: 4/4
  2150 | D:4      | Got the Catalogue of Hurtful Necromancy
  2168 | D:4      | Reached XP level 6. HP: 12/53 MP: 4/6
  2422 | D:4      | Reached skill level 5 in Maces & Flails
  2561 | D:4      | Reached ** piety under Elyvilon
  2677 | D:4      | Reached skill level 5 in Fighting
  2681 | D:4      | Reached XP level 7. HP: 45/61 MP: 7/7
  2791 | D:5      | Entered Level 5 of the Dungeon
  2811 | D:5      | Reached skill level 5 in Armour
  2811 | D:5      | Reached skill level 5 in Shields
  2858 | D:5      | Identified the +0 falchion of Duty {drain, Will+ Str-4
                  | Int+2}
  2877 | D:5      | Found a shimmering altar of Xom.
  2878 | D:5      | Found a hide-covered altar of Uskayaw.
  2880 | D:5      | Identified the +4 ring mail "Joesatuk" {Int+2 SInv}
  3197 | D:5      | Reached skill level 6 in Maces & Flails
  3276 | D:6      | Found Ceath's Armour Shoppe.
  3290 | D:6      | Reached XP level 8. HP: 66/70 MP: 9/9
  3401 | D:6      | Noticed Prince Ribbit
  3413 | D:6      | Killed Prince Ribbit
  3423 | D:6      | Reached skill level 7 in Maces & Flails
  3479 | D:6      | Noticed a red ugly thing
  3479 | D:6      | Noticed a troll
  3482 | D:6      | Pacified a red ugly thing
  3487 | D:6      | Killed a red ugly thing
  3552 | D:6      | Killed a troll
  3553 | D:6      | Reached XP level 9. HP: 68/78 MP: 10/10
  3555 | D:6      | Identified the +1 chain mail "Horeon" {Int+2}
  3612 | D:6      | Reached skill level 8 in Maces & Flails
  3745 | D:6      | Reached skill level 5 in Dodging
  3818 | D:6      | Found a staircase to the Ecumenical Temple.
  3832 | Temple   | Entered the Ecumenical Temple
  4344 | D:6      | Found a shadowy altar of Dithmenos.
  4489 | D:5      | Found a radiant altar of Vehumet.
  4557 | D:7      | Reached *** piety under Elyvilon
  4560 | D:7      | Noticed Dowan
  4561 | D:7      | Noticed Duvessa
  4570 | D:7      | Killed Dowan
  4575 | D:7      | Killed Duvessa
  4648 | D:7      | Reached skill level 9 in Maces & Flails
  4797 | D:7      | Noticed Pikel
  4823 | D:7      | Killed Pikel
  4839 | D:7      | Reached skill level 5 in Invocations
  4857 | D:7      | Found a runed translucent door.
  4858 | D:7      | Noticed Crazy Yiuf
  4952 | D:7      | Reached XP level 10. HP: 62/86 MP: 12/12
  5281 | D:7      | Killed Crazy Yiuf
  5324 | D:8      | Reached skill level 10 in Maces & Flails
  5421 | D:8      | Noticed a two-headed ogre
  5425 | D:8      | Killed a two-headed ogre
  5580 | D:8      | Reached **** piety under Elyvilon
  5738 | D:8      | Noticed a two-headed ogre
  5746 | D:8      | Killed a two-headed ogre
  6451 | D:9      | Found a staircase to the Lair.
  6496 | D:9      | Noticed a fire dragon
  6496 | D:9      | Noticed a centaur warrior
  6502 | D:9      | Pacified a fire dragon
  6503 | D:9      | Reached skill level 11 in Maces & Flails
  6503 | D:9      | Killed a centaur warrior
  6525 | D:9      | Reached XP level 11. HP: 93/95 MP: 11/14
  6578 | D:9      | Noticed a rakshasa
  6632 | D:9      | Killed a rakshasa
  6784 | D:9      | Noticed a red ugly thing
  6793 | D:9      | Pacified a red ugly thing
  7005 | D:9      | Found Jab Juitz's Distillery.
  7013 | D:9      | Bought a potion of resistance for 130 gold pieces
  7013 | D:9      | Bought a potion of brilliance for 52 gold pieces
  7017 | D:9      | Found a staircase to the Orcish Mines.
  7331 | Lair:1   | Entered Level 1 of the Lair of Beasts
  7603 | Lair:1   | Reached ***** piety under Elyvilon
  7610 | Lair:1   | Noticed Joseph
  7620 | Lair:1   | Killed Joseph
  7853 | Lair:1   | Noticed a seven-headed hydra
  7856 | Lair:1   | Pacified a seven-headed hydra
  8089 | Lair:2   | Reached skill level 12 in Maces & Flails
  8298 | Lair:2   | Noticed a five-headed hydra
  8303 | Lair:2   | Pacified a five-headed hydra
  8376 | Lair:2   | Found a hole to the Spider Nest.
  8456 | Lair:2   | Noticed a boulder beetle
  8457 | Lair:2   | Pacified a boulder beetle
  8705 | Lair:2   | Reached XP level 12. HP: 104/104 MP: 16/16
  9053 | Lair:3   | Noticed a six-headed hydra
  9055 | Lair:3   | Pacified a six-headed hydra
  9056 | Lair:3   | Reached skill level 10 in Armour
  9056 | Lair:3   | Reached skill level 10 in Shields
  9797 | Lair:3   | Identified a scroll of acquirement
  9797 | Lair:3   | Acquired a +2 vorpal eveningstar
  9978 | Lair:4   | Found a staircase to the Swamp.
 10087 | Lair:4   | Reached skill level 10 in Invocations
 10122 | Lair:4   | Noticed an eight-headed hydra
 10123 | Lair:4   | Pacified an eight-headed hydra
 10170 | Lair:4   | Noticed a seven-headed hydra
 10171 | Lair:4   | Pacified a seven-headed hydra
 10172 | Lair:4   | Reached XP level 13. HP: 111/111 MP: 16/19
 10479 | Lair:4   | Reached skill level 10 in Dodging
 11179 | Lair:5   | Reached skill level 13 in Maces & Flails
 11387 | Lair:5   | Reached ****** piety under Elyvilon
 11489 | Lair:5   | Found a viscous altar of Jiyva.
 11490 | Lair:5   | Found a staircase to the Slime Pits.
 11813 | Lair:6   | Entered Level 6 of the Lair of Beasts
 12096 | Lair:6   | Reached XP level 14. HP: 118/118 MP: 18/21
 12532 | Lair:6   | Identified the +7 short sword of Greatest Utility {vamp,
                  | MP+9 Int+2 Dex-2}
 12533 | Lair:6   | Identified the +1 barding of Plasticity {rElec rF+ Str+2}
 13239 | Orc:1    | Entered Level 1 of the Orcish Mines
 13493 | Orc:1    | Noticed an orc warlord
 13497 | Orc:1    | Pacified an orc warlord
 13697 | Orc:2    | Entered Level 2 of the Orcish Mines
 13734 | Orc:2    | Noticed Saint Roka
 13814 | Orc:2    | Noticed an orc warlord
 13853 | Orc:1    | Killed an orc warlord
 13854 | Orc:1    | Reached skill level 14 in Maces & Flails
 13972 | Orc:2    | Found a staircase to the Elven Halls.
 14032 | Orc:2    | Noticed Nessos
 14037 | Orc:2    | Pacified Nessos
 14349 | Orc:2    | Killed Saint Roka
 14489 | Orc:2    | Found Puezumai's Overcharged Wands.
 14660 | Orc:2    | Elyvilon protects you from harm!
 14674 | Orc:2    | Slain by an orc warrior

Illustrated notes

Levels and vault maps discovered:
D:1:      wander_arrival_desolate, layout_rooms
D:2:      minmay_roachtagon, layout_loops_ring, basic_altar,
          basic_ecumenical_altar
D:3:      minmay_skewed_foursquare, layout_rooms, serial_bayou_crossing,
          uniq_terence
D:4:      cheibrodos_helix_gallery, layout_cave_pools, roderic_lattice_a
D:5:      layout_rooms, nicolae_overflow_hidden_temple
D:6:      kennysheep_windowed_halls, layout_cave_pools, kennysheep_mini_moat,
          temple_fountains, serial_column_ruins, column_ruins_open_medium,
          column_ruins_columns_straight, column_ruins_grid_1,
          column_ruins_columns_dead_end, column_ruins_open_small,
          column_ruins_corridor_straight, column_ruins_corridor_straight,
          serial_shops, shop, kennysheep_donut, uniq_prince_ribbit1
D:7:      layout_basic, minmay_fountain_box, david_defended_altar_orc,
          uniq_pikel, uniq_crazy_yiuf_cottage, uniq_duvessa
D:8:      layout_loops_corners, lemuel_flamethrower_2
D:9:      hangedman_cross_cluster, layout_cave_pools, serial_shops,
          nicolae_shop_behind_doors
Temple:   dpeg_five_rooms_temple
Lair:1:   layout_cave_shapes, uniq_joseph
Lair:2:   layout_gridlike, spider_nest_entry_web_field, serial_forest,
          infiniplex_forest_split, infiniplex_forest_end_1,
          infiniplex_forest_3_way, infiniplex_forest_straight_2,
          infiniplex_forest_zigzag_1, infiniplex_forest_fountain,
          infiniplex_forest_clump_double, grunt_megastairs_3
Lair:3:   layout_roguey, serial_bayou_shore_b, lemuel_fruit_fields,
          grunt_megastairs_4, lemuel_fruit_fields
Lair:4:   layout_loops_ring, minmay_swamp_entry_reptiles
Lair:5:   layout_regular_city, slime_altar_1, serial_bayou_shore_b,
          infiniplex_staircase_pool_2
Lair:6:   gammafunk_lair_ancient_temple, layout_gridlike, lemuel_fruit_fields
Orc:1:    layout_caves
Orc:2:    st_orc_pillars, layout_diamond_mine, nicolae_shop_overcharged_wands,
          uniq_saint_roka, uniq_nessos

Skill      XL: |  1  2  3  4  5  6  7  8  9 10 11 12 13 14 |
---------------+-------------------------------------------+-----
Maces & Flails | 3 4 5 6 7 9 11 12 13 14 | 14.3
Dodging        | 1 2 3 4 5 6 8 9 10 11 | 11.9
Fighting       | 4 5 6 7 8 9 |  9.3
Armour         | 4 5 6 7 8 9 11 12 13 | 13.3
Shields        | 4 5 6 7 8 9 11 12 13 | 13.2
Invocations    | 1 2 3 5 6 7 10 11 12 | 12.7

Action                   |  1- 3 |  4- 6 |  7- 9 | 10-12 | 13-15 || total
-------------------------+-------+-------+-------+-------+-------++-------
Melee: Flail             |   108 |    92 |    10 |       |       ||   210
       Headbutt          |    12 |    22 |    57 |   171 |   324 ||   586
       Whip              |       |       |   250 |   576 |  1015 ||  1841
       Eveningstar       |       |       |       |    36 |       ||    36
Invok: Heal Other        |       |       |     3 |    16 |    23 ||    42
       Greater Healing   |       |       |       |     2 |       ||     2
  Use: Scroll            |       |     8 |     3 |     7 |       ||    18
       Potion            |       |       |       |     5 |     3 ||     8
 Stab: Distracted        |     1 |       |       |       |       ||     1
       Petrified         |       |       |       |       |     2 ||     2
Armor: Scale mail        |    53 |    39 |    23 |       |       ||   115
       Ring mail         |       |       |    24 |       |       ||    24
       Chain mail        |       |       |    45 |   203 |   246 ||   494
Dodge: Dodged            |    33 |    36 |    67 |   205 |   265 ||   606
Block: Kite shield       |    64 |    60 |   153 |   368 |   510 ||  1155

Table legend: (Time is in decaauts)
 A = Elapsed time spent in this place.
 B = Non-inter-level travel time spent in this place.
 C = Inter-level travel time spent in this place.
 D = Time resting spent in this place.
 E = Time spent auto-exploring this place.
 F = Levels seen in this place.
 G = Mean time per level.
                   A        B        C        D        E       F      G
               +--------+--------+--------+--------+--------+-----+--------+
         Total |  14198 |  13430 |    768 |    812 |   9208 |  18 |  788.8 |
       Dungeon |   7066 |   6649 |    417 |    445 |   4581 |   9 |  785.1 |
        Temple |    288 |    257 |     31 |      0 |    257 |   1 |  288.0 |
          Lair |   5562 |   5289 |    273 |    217 |   3754 |   6 |  927.0 |
  Orcish Mines |   1280 |   1234 |     46 |    150 |    616 |   2 |  640.0 |
               +--------+--------+--------+--------+--------+-----+--------+

Top non-repeatable levels by time:
  Lair:6: 1241 daAuts
     D:8: 1102 daAuts
     D:6: 1034 daAuts
  Lair:4: 1001 daAuts
  Lair:2: 927 daAuts
     D:9: 860 daAuts
  Lair:3: 824 daAuts
     D:3: 819 daAuts
  Lair:5: 789 daAuts
  Lair:1: 777 daAuts
     D:4: 750 daAuts
     D:7: 679 daAuts
     D:2: 666 daAuts
     D:1: 656 daAuts
   Orc:2: 644 daAuts
